 Dungeon Crawl Stone Soup version 0.30.1-11-g7821555f0a (webtiles) character file.

Game seed: 13973239121170269200

4019 porpoise the Skirmisher (level 10, 0/91 HPs)
             Began as a Minotaur Hunter on Jan 4, 2024.
             Was an Initiate of Hepliaklqana.
             Slain by a tengu warrior
             ... wielding a +0 halberd
              (9 damage)
             ... on level 8 of the Dungeon.
             The game lasted 00:20:25 (6224 turns).

porpoise the Skirmisher (Minotaur Hunter)           Turns: 6224, Time: 00:20:28

Health: 0/91       AC: 11    Str: 17    XL:     10   Next: 3%
Magic:  9/9        EV: 12    Int:  6    God:    Hepliaklqana [......]
Gold:   323        SH:  0    Dex: 23    Spells: 9/9 levels left

rFire   . . .        a - +3 arbalest (drain)
rCold   . . .        (shield currently unavailable)
rNeg    . . .        k - +0 ring mail
rPois   .            (helmet restricted)
rElec   .            B - +0 cloak
rCorr   .            (no gloves)
SInv    .            G - +0 pair of boots
Will    .....        (no amulet)
Stlth   +            t - +6 ring of dexterity
HPRegen 0.35/turn    p - +4 ring of protection
MPRegen 0.11/turn

%: no passive effects
@: no status effects
A: horns 2, retaliatory headbutt
a: Renounce Religion


You were on level 8 of the Dungeon.
You worshipped Hepliaklqana.
Hepliaklqana was noncommittal.
You visited 2 branches of the dungeon, and saw 9 of its levels.
You also visited: Sewer.

You collected 323 gold pieces.

Inventory:

Hand Weapons
 a - a +3 arbalest of draining (weapon)
 b - a +0 hand axe of electrocution
 h - a +2 dire flail
 i - a +0 shortbow of electrocution
 u - a +3 hand axe of freezing
Missiles
 q - 16 poisoned darts
 v - 2 boomerangs
Armour
 f - a scarf of shadows
 k - a +0 ring mail (worn)
 B - a +0 cloak (worn)
 G - a +0 pair of boots (worn)
Jewellery
 e - a ring of protection from cold
 p - a +4 ring of protection (right hand)
 t - a +6 ring of dexterity (left hand)
 F - a ring of wizardry
 L - an amulet of guardian spirit
Wands
 H - a wand of polymorph (14)
 I - a wand of flame (26)
 K - a wand of charming (4)
Scrolls
 j - 3 scrolls of teleportation
 l - a scroll of fear
 m - 2 scrolls of silence
 n - a scroll of torment {unknown}
 o - a scroll of immolation
 s - a scroll of brand weapon
 y - a scroll of enchant armour {unknown}
 C - a scroll of enchant weapon {unknown}
 D - a scroll of fog
 E - a scroll of poison {unknown}
Potions
 c - 3 potions of haste
 d - 2 potions of attraction
 g - a potion of might
 r - 4 potions of mutation
 w - 2 potions of resistance
 x - a potion of magic
 z - a potion of brilliance {unknown}
 A - 2 potions of flight {unknown}
 J - a potion of ambrosia {unknown}


   Skills:
 - Level 9.0 Fighting
 - Level 6.0 Axes
 * Level 13.0 Ranged Weapons
 - Level 2.0 Armour
 - Level 2.1 Dodging
 - Level 0.7 Stealth


You had 9 spell levels left.
You didn't know any spells.
Your spell library contained the following spells:

 Spells                   Type           Power      Damage    Failure   Level
 Sting                    Tmut/Pois      0%         1d3       65%         1
 Poisonous Vapours        Pois/Air       0%         N/A       80%         2
 Inner Flame              Hex/Fire       0%         N/A       95%         3
 Mephitic Cloud           Conj/Pois/Air  0%         N/A       95%         3
 Volatile Blastmotes      Fire/Tloc      0%         2d10      95%         3
 Olgreb's Toxic Radiance  Pois           0%         N/A       100%        4
 Conjure Ball Lightning   Conj/Air       0%         3x3d6     100%        6


Dungeon Overview and Level Annotations

Branches:
Dungeon (8/15)             Temple (1/1) D:6           Sewer (visited)
   Lair: D:8-11

Altars:
Ashenzari
Cheibriados
Dithmenos
Fedhas
Gozag
Hepliaklqana
Kikubaaqudgha
Makhleb
Nemelex Xobeh
Okawaru
Ru
Sif Muna
Trog
Uskayaw
Wu Jian
Xom
Yredelemnul
Zin


Innate Abilities, Weirdness & Mutations

You have a pair of horns on your head.
You reflexively headbutt those who attack you in melee.


Message History

The ice beast is almost dead.
The centaur drinks a potion.
The centaur goes berserk!
The tengu warrior hits you from afar with a +0 halberd.
The ice beast barely misses you. You furiously retaliate!
You headbutt the ice beast!
You kill the ice beast!
You hear a shout!
Your Ranged Weapons skill increases to level 13!
Your +0 hand axe of electrocution stops crackling.
You sense an unholy aura.
a - a +3 arbalest of draining (weapon)
The tengu warrior hits you from afar with a +0 halberd!!
You are too injured to fight recklessly!
Fire: a) +3 arbalest (drain)
Press: ? - help, Q - select action, (/) - cycle Shift-Dir - straight line, f - tengu warrior
Aim: a tengu warrior, wielding a +0 halberd and wearing a +0 ring mail (56% to hit)
You shoot a bolt. The bolt hits the tengu warrior!!
You drain the tengu warrior!
The tengu warrior is heavily wounded.
You hear a shout!
The tengu warrior hits you from afar with a +0 halberd.
* * * LOW HITPOINT WARNING * * *
Fire: a) +3 arbalest (drain)
Press: ? - help, Q - select action, (/) - cycle Shift-Dir - straight line, f/p - tengu warrior
Aim: a tengu warrior, wielding a +0 halberd and wearing a +0 ring mail (heavily wounded, lightly drained, 56% to hit)
You shoot a bolt. The bolt hits the tengu warrior!
You drain the tengu warrior.
The tengu warrior is severely wounded.
The tengu warrior hits you from afar with a +0 halberd!
* * * LOW HITPOINT WARNING * * *
The tengu warrior hits you but does no damage.
You hear a shout!
Okay, then.
Unknown command.
As you read the scroll of fear, it crumbles to dust.
You assume a fearsome visage.
The kobold brigand looks frightened!
The orc looks frightened!
The tengu warrior resists with some effort.
You hear a shout!
The tengu warrior hits you from afar with a +0 halberd!
You die...

#.♣.♣.♣♣♣....♣.♣....♣♣
#..♣..♣♣....♣.♣.♣....♣♣♣
#...........♣♣♣♣♣.......
#..♣..♣♣....♣.♣.♣....♣♣♣
#.♣.♣.♣♣♣....♣.♣....♣♣
###.### #############
#.....# .# #.♣.♣.#♣♣♣.#
#.♣.♣..@.Q.#
#†♣♣♣.#♣♣♣K# #.♣ ♣.# .#
### ### #


You could see a tengu warrior (drained) and a kobold brigand (fleeing).

Vanquished Creatures
  Pikel (D:7)
  An unseen horror (D:7)
  2 hornets (D:8)
  A wyvern (D:6)
  A water moccasin (D:8)
  2 ice beasts
  5 black bears
  3 centaurs
  3 phantoms
  2 bullfrogs
  A gnoll sergeant (D:8)
  2 scorpions
  4 wights (D:8)
  A killer bee (D:8)
  2 howler monkeys
  4 jellies
  An orc priest (D:3)
  3 hounds
  2 iguanas (D:5)
  6 orc wizards
  Robin (D:3)
  4 gnolls (D:2)
  15 adders
  4 river rats (D:3)
  2 shadow imps
  5 white imps
  2 ufetubi
  2 worms
  3 dart slugs
  20 orcs
  8 ball pythons
  13 endoplasms
  8 giant cockroaches
  15 goblins
  11 hobgoblins
  7 jackals
  5 quokkas
  3 bats (D:1)
  7 frilled lizards
  3 kobolds
  12 rats
197 creatures vanquished.

Vanquished Creatures (others)
  An orc wizard (D:8)
1 creature vanquished.

Grand Total: 198 creatures vanquished

Notes
Turn   | Place    | Note
-------+----------+-------------------------------------------
     0 | D:1      | porpoise the Minotaur Hunter began the quest for the Orb.
     0 | D:1      | Reached XP level 1. HP: 18/18 MP: 0/0
   116 | D:1      | Reached XP level 2. HP: 25/25 MP: 1/1
   436 | D:1      | Reached skill level 5 in Ranged Weapons
   860 | D:2      | Reached XP level 3. HP: 21/31 MP: 2/2
   966 | D:2      | Reached skill level 1 in Armour
   979 | D:2      | Reached XP level 4. HP: 17/38 MP: 3/3
  1754 | D:3      | Reached skill level 6 in Ranged Weapons
  1754 | D:3      | Reached XP level 5. HP: 46/46 MP: 4/4
  1827 | D:3      | Identified a scroll of acquirement
  1827 | D:3      | Acquired a +3 arbalest of draining
  1857 | D:3      | Noticed Robin
  1862 | D:3      | Killed Robin
  1863 | D:3      | Reached skill level 1 in Axes
  1947 | D:3      | You fall into a shaft and drop 1 floor!
  2246 | D:3      | Found a glowing drain.
  2261 | D:3      | Reached XP level 6. HP: 28/53 MP: 5/5
  2353 | Sewer    | Entered a sewer
  2562 | Sewer    | Reached skill level 7 in Ranged Weapons
  2607 | Sewer    | Found a viscous altar of Jiyva.
  3061 | D:4      | Found a sparkling altar of Nemelex Xobeh.
  3368 | D:4      | Reached skill level 5 in Fighting
  3589 | D:5      | Entered Level 5 of the Dungeon
  3608 | D:5      | Reached XP level 7. HP: 61/61 MP: 6/6
  3903 | D:5      | Found a snail-covered altar of Cheibriados.
  4019 | D:5      | Found a bloodstained altar of Trog.
  4080 | D:5      | Reached skill level 8 in Ranged Weapons
  4325 | D:6      | Noticed a wyvern
  4333 | D:6      | Killed a wyvern
  4338 | D:6      | Reached XP level 8. HP: 61/70 MP: 7/7
  4455 | D:6      | Reached skill level 9 in Ranged Weapons
  4519 | D:6      | Reached skill level 5 in Axes
  4632 | D:6      | Found a staircase to the Ecumenical Temple.
  4639 | Temple   | Entered the Ecumenical Temple
  4728 | Temple   | Became a worshipper of Hepliaklqana the Forgotten
  4845 | D:6      | Found an opulent altar of Gozag.
  5102 | D:7      | Noticed Pikel
  5112 | D:7      | Killed Pikel
  5113 | D:7      | Reached skill level 10 in Ranged Weapons
  5113 | D:7      | Reached XP level 9. HP: 60/79 MP: 8/8
  5139 | D:7      | Killed an unseen horror
  5458 | D:7      | Reached skill level 11 in Ranged Weapons
  5579 | D:7      | Got the Directory of Cinders and Conjuring
  5851 | D:8      | Reached skill level 12 in Ranged Weapons
  6215 | D:8      | Reached XP level 10. HP: 71/91 MP: 9/9
  6215 | D:8      | Noticed a tengu warrior
  6221 | D:8      | Reached skill level 13 in Ranged Weapons
  6224 | D:8      | Slain by a tengu warrior

Illustrated notes

Levels and vault maps discovered:
D:1:      minmay_arrival_five_plusses, layout_basic
D:2:      minmay_chambers_of_ones, layout_rooms, roderic_lattice_a
D:3:      layout_rooms, portal_sewer_entry_a, uniq_robin
D:4:      layout_cave_pods, lemuel_crystal_altar
D:5:      layout_basic, mainiacjoe_overflow_alcove_4, old_standard_altar
D:6:      layout_rooms, lemuel_coloured_pillars_altar, temple_green,
          skrybe_limestone_x, bh_walls_and_bars
D:7:      layout_loops_cross, fountainhead, uniq_pikel
D:8:      nzn_winding_woodlands_medium [nzn_winding_woodlands_5x5_cross,
          nzn_winding_woodlands_5x15_parted, nzn_winding_woodlands_hourglass,
          nzn_winding_woodlands_5x5_checkerboard,
          nzn_winding_woodlands_center_pierced_h,
          nzn_winding_woodlands_5x5_three, nzn_winding_woodlands_5x5_default,
          nzn_winding_woodlands_5x15_eye, nzn_winding_woodlands_5x5_open_star],
          layout_loops_ring, mainiacjoe_overflow_tiny_flanked
Temple:   zaba_magenta_temple

Skill      XL: |  1  2  3  4  5  6  7  8  9 10 |
---------------+-------------------------------+-----
Ranged Weapons | 5 6 7 8 10 12 13 | 13.0
Fighting       | 3 4 5 6 7 9 |  9.0
Armour         | 1 2 |  2.0
Axes           | 1 3 4 6 |  6.0
Dodging        | |  2.1
Stealth        | |  0.7

Action                     |  1- 3 |  4- 6 |  7- 9 | 10-12 || total
---------------------------+-------+-------+-------+-------++-------
  Melee: Hand axe          |       |    51 |   104 |     5 ||   160
         Headbutt          |       |    13 |    27 |     2 ||    42
         Punch             |       |     1 |     1 |       ||     2
   Fire: Shortbow          |    76 |    50 |       |       ||   126
         Arbalest          |       |   101 |    95 |     2 ||   198
    Use: Scroll            |       |    10 |     5 |     1 ||    16
         Potion            |       |       |     3 |       ||     3
 Armour: Leather armour    |     1 |       |       |       ||     1
         Ring mail         |     7 |    35 |    91 |     5 ||   138
  Dodge: Dodged            |    17 |    61 |   103 |     1 ||   182
